Map: 아이스 앤 크롬 - 래더

Players

llllllllllll - Winner!

  • Race: Zerg Zerg
  • League: Grandmaster
  • Spawn Location: 1:00

llllllllllll

  • Race: Terran Terran
  • League: Master
  • Spawn Location: 7:00

VOD

Have the link to the VOD?

Description

Time

  • Played on: Aug. 28, 2020, 9:18 a.m.
  • Length: 11:51
Show
View Real Time Build Order
Export as new Build Order

llllllllllll Zerg - Winner!

Build Orders: Hatch First, Muta Ling Bane 

Get SALT Encoding   

  12  0:00  Drone  
  13  0:12  Overlord  
  13  0:16  Drone  
  14  0:30  Drone x2  
  14  0:35  Drone  
  17  0:53  Hatchery  
  17  0:55  Drone  
  17  0:58  Drone  
  18  1:07  Extractor  
  17  1:13  Spawning Pool  
  17  1:15  Drone  
  17  1:21  Drone  
  18  1:28  Drone  
  19  1:39  Overlord  
  19  2:00  Zergling x2, Queen  
  19  2:01  Zergling x2  
  23  2:05  Queen  
  23  2:06  Drone  
  23  2:07  Metabolic Boost  
  26  2:12  Drone  
  27  2:35  Drone x4  
  30  2:49  Hatchery  
  30  2:51  Queen  
  29  2:52  Overlord  
  29  2:55  Drone  
  33  2:58  Drone  
  33  2:59  Drone  
  34  3:05  Overlord  
  34  3:06  Drone  
  34  3:12  Drone  
  35  3:16  Drone  
  35  3:17  Drone x2  
  38  3:21  Drone x2  
  40  3:27  Queen  
  42  3:46  Zergling x8  
  46  3:52  Zergling x6  
  48  4:00  Overlord  
  48  4:01  Queen  
  48  4:02  Drone  
  51  4:04  Zergling x2  
  51  4:05  Zergling x2, Queen  
  51  4:07  Lair  
  51  4:09  Drone x2  
  57  4:14  Overlord  
  57  4:18  Drone  
  58  4:25  Zergling x4, Overlord  
  58  4:27  Drone x2  
  58  4:28  Spore Crawler, Drone  
  62  4:31  Drone  
  62  4:34  Spore Crawler  
  62  4:35  Drone  
  63  4:39  Drone x2  
  63  4:40  Spore Crawler  
  63  4:42  Drone x2  
  63  4:43  Extractor x2  
  63  4:44  Drone  
  65  4:48  Drone x2  
  65  4:49  Drone  
  65  4:50  Drone x2  
  70  4:54  Drone  
  72  5:00  Drone x2  
  73  5:07  Drone x4  
  73  5:12  Drone  
  73  5:13  Drone  
  76  5:19  Overlord  
  75  5:23  Baneling Nest, Overlord  
  75  5:25  Extractor  
  75  5:26  Extractor  
  72  5:29  Overlord  
  72  5:30  Drone x3, Extractor  
  74  5:39  Drone x2  
  74  5:40  Drone x4, Evolution Chamber x2  
  78  5:44  Drone  
  78  5:51  Drone  
  78  5:52  Drone  
  78  5:53  Drone x2  
  82  5:58  Overlord  
  82  5:59  Drone x2  
  85  6:04  Drone x2  
  85  6:05  Drone  
  85  6:06  Drone, Centrifical Hooks  
  87  6:12  Drone x2  
  89  6:22  Zerg Ground Armor Level 1, Zerg Melee Weapons Level 1  
  89  6:24  Drone x2  
  89  6:25  Drone, Spire  
  91  6:31  Zergling x8  
  96  6:32  Zergling x2  
  96  6:33  Zergling x10  
  101  6:43  Drone, Hatchery  
  101  6:46  Overlord x2  
  101  6:48  Baneling x8  
  101  6:51  Baneling x4  
  101  7:09  Overlord x2  
  101  7:20  Drone  
  101  7:22  Hatchery  
  101  7:28  Zergling x2, Baneling x4  
  101  7:29  Zergling x26  
  115  7:31  Baneling x4  
  112  7:37  Drone x3  
  112  7:38  Drone, Zerg Flyer Weapons Level 1  
  116  7:58  Drone  
  117  7:59  Mutalisk x5  
  117  8:00  Mutalisk x5, Extractor x2  
  117  8:01  Overlord  
  117  8:05  Overlord  
  133  8:16  Zerg Melee Weapons Level 2, Zerg Ground Armor Level 2  
  133  8:24  Mutalisk  
  135  8:29  Overlord  
  135  8:31  Drone x5  
  135  8:32  Drone  
  135  8:33  Overlord x2  
  141  8:42  Infestation Pit, Zergling x2  
  141  8:43  Zergling x18  
  141  8:44  Overlord  
  148  8:53  Zergling x2  
  148  8:54  Zergling x4  
  145  8:57  Queen  
  145  9:03  Zergling x28  
  159  9:10  Zergling x10  
  159  9:15  Hatchery  
  163  9:19  Hive  
  163  9:24  Overlord  
  163  9:28  Mutalisk x5  
  163  9:30  Pneumatized Carapace  
  173  9:31  Overlord x2  
  170  9:40  Zergling x8  
  170  9:41  Zergling x14  
  175  9:53  Baneling x8  
  173  10:10  Drone  
  173  10:11  Drone x9  
  183  10:18  Drone x2  
  185  10:26  Baneling x8  
  185  10:32  Queen, Hatchery  
  186  10:36  Baneling x6  
  186  10:48  Extractor  
  186  10:49  Ultralisk Cavern  
  184  10:51  Extractor  
  177  11:03  Zergling x2  
  177  11:04  Zergling x8  
  175  11:06  Zergling x10  
  175  11:07  Zergling x8  
  175  11:09  Baneling x12  
  175  11:10  Baneling x3  
  182  11:13  Zergling x2  
  182  11:14  Zergling x34  
  182  11:18  Zergling x8  
  186  11:33  Zergling x2  
Show
View Real Time Build Order
Export as new Build Order

llllllllllll Terran 

Build Orders: Reaper Expand 

Get SALT Encoding   

  12  0:00  SCV  
  13  0:12  SCV  
  14  0:17  Supply Depot  
  14  0:25  SCV  
  15  0:38  SCV  
  15  0:39  Barracks  
  16  0:44  Refinery  
  16  0:50  SCV  
  17  1:03  SCV  
  18  1:15  SCV  
  19  1:27  Orbital Command  
  19  1:28  Reaper  
  20  1:42  Command Center  
  20  1:53  SCV  
  21  1:59  Supply Depot, Marine  
  22  2:07  SCV  
  23  2:15  Factory  
  23  2:21  SCV, Barracks Reactor  
  24  2:33  SCV  
  25  2:47  SCV  
  25  2:52  Command Center  
  25  2:54  Orbital Command  
  25  2:59  SCV  
  26  3:07  Hellion  
  26  3:08  Hellion  
  30  3:13  Starport  
  30  3:18  Refinery  
  30  3:21  SCV  
  30  3:24  SCV  
  32  3:30  Barracks Tech Lab  
  32  3:33  SCV  
  33  3:36  Hellion x2  
  37  3:43  SCV  
  38  3:54  Marine, Viking  
  40  3:56  SCV x2  
  40  4:01  Hellion x2  
  46  4:07  Supply Depot  
  46  4:08  SCV, Orbital Command  
  47  4:12  SCV  
  48  4:18  Marine, Stimpack  
  48  4:20  SCV  
  50  4:24  SCV  
  51  4:34  SCV  
  51  4:35  Starport Reactor  
  52  4:39  SCV x2  
  52  4:42  Supply Depot, Barracks  
  52  4:44  Factory Tech Lab  
  52  4:45  Barracks  
  54  4:47  SCV  
  54  4:48  Marine  
  54  4:51  SCV x2  
  58  4:58  Engineering Bay  
  58  4:59  Engineering Bay  
  58  5:02  Refinery x2, Orbital Command  
  58  5:11  SCV  
  58  5:13  SCV  
  59  5:23  SCV  
  59  5:25  Terran Infantry Weapons Level 1, SCV  
  61  5:30  SCV  
  61  5:31  Marine  
  61  5:34  Marine x2  
  65  5:36  SCV  
  65  5:37  Terran Infantry Armor Level 1  
  65  5:38  SCV, Starport Reactor  
  65  5:40  Marine x2  
  65  5:41  Supply Depot  
  69  5:43  SCV  
  69  5:49  Marine  
  71  5:50  SCV x2  
  71  5:52  Marine x2  
  71  5:56  SCV  
  76  5:58  Supply Depot, Marine  
  76  6:02  SCV, Siege Tank, Marine  
  76  6:03  Supply Depot, SCV  
  83  6:07  Marine  
  84  6:11  Marine  
  84  6:12  Combat Shield  
  84  6:15  Marine  
  84  6:16  Marine  
  85  6:19  Supply Depot  
  85  6:22  Marine  
  85  6:23  Medivac x2  
  85  6:25  Marine  
  91  6:28  SCV x3, Barracks  
  91  6:29  Barracks, Marine  
  95  6:36  Marine  
  95  6:38  Siege Tank  
  99  6:40  SCV  
  99  6:43  SCV x2  
  102  6:48  Refinery, Factory  
  102  6:51  Marine x3  
  102  6:52  SCV, Marine  
  107  6:55  SCV x2  
  107  6:59  Supply Depot x2  
  109  7:10  Supply Depot  
  109  7:16  Armory  
  109  7:18  Barracks Reactor x2  
  109  7:21  SCV, Medivac x2, Marine x4  
  118  7:25  Supply Depot, Factory Reactor  
  118  7:26  SCV  
  118  7:27  SCV  
  120  7:33  SCV  
  113  7:38  SCV, Marine x2  
  113  7:39  SCV, Factory Reactor  
  117  7:47  Marine  
  117  7:48  Marine x2  
  117  7:49  SCV  
  117  7:51  SCV  
  122  7:52  Supply Depot  
  122  7:55  Supply Depot  
  122  7:56  Medivac x2, Command Center  
  126  7:58  Barracks  
  126  7:59  Barracks  
  126  8:01  Barracks, Marine x2  
  126  8:02  SCV  
  129  8:09  Marine x4  
  129  8:11  Widow Mine x2  
  127  8:30  Marine x4  
  127  8:31  Marine  
  127  8:32  Medivac x2, Marauder  
  127  8:33  Widow Mine  
  127  8:34  Widow Mine  
  142  8:36  Widow Mine x2  
  143  8:58  Barracks Tech Lab x2  
  136  9:05  Marine x2  
  136  9:06  Thor, Drilling Claws, Marine, Marauder  
  144  9:15  Widow Mine x2  
  146  9:19  Terran Infantry Weapons Level 2, Missile Turret  
  146  9:21  Terran Vehicle And Ship Armor Level 1, Terran Infantry Armor Level 2, Missile Turret  
  146  9:27  Marauder, Missile Turret x2  
  146  9:28  Missile Turret  
  147  9:31  Marine x3  
  147  9:32  Medivac x2, Marauder, Marine  
  157  9:45  Marine x5  
  162  9:46  Widow Mine x2, Marauder  
  162  9:48  Marauder  
  170  9:54  Marauder  
  172  10:04  Marine  
  172  10:05  Marine x4  
  172  10:06  Thor, Medivac  
  171  10:08  Marauder  
  171  10:09  Medivac  
  171  10:15  Supply Depot x2  
  171  10:16  Marauder  
  171  10:19  Refinery  
  173  10:23  Planetary Fortress  
  173  10:26  Refinery  
  173  10:32  Missile Turret, Marine x3, Marauder  
  173  10:33  Marauder  
  180  10:36  Marine x3, Missile Turret  
  180  10:37  Widow Mine x2  
  180  10:38  Marauder  
  180  10:40  Supply Depot x2, Marine x2  
  180  10:41  Medivac  
  193  10:52  Marine x3  
  196  10:59  Supply Depot, Marine  
  196  11:00  Marine  
  196  11:01  Marauder  
  174  11:14  Marine x2  
Tags
 
Add a new tag
Caveats
  • Supply blocks, unpowered buildings, or Contaminate may cause inaccurate times.
  • Supply counts are checked every 10 seconds.